[Event "*** Titled Tuesday 3|2 Blitz"]
[Site "Chess.com"]
[Date "2017.03.07"]
[Round "11"]
[White "HaryKane"]
[Black "jk13"]
[Result "1-0"]
[WhiteElo "2310"]
[BlackElo "2482"]
[TimeControl "180+2"]
[EndTime "15:39:50 PST"]
[Termination "HaryKane won by checkmate"]

1. e4 e5 2. Nf3 Nc6 3. d4 exd4 4.
Bc4 Nf6 5. O-O d6 6. Nxd4 Be7 7. Nc3 O-O 8. h3 Re8 9. Be3 Bf8 10. f3 Ne5 11. Bb3 c6 12. Qd2 Ned7 13. Rad1 Nc5 14. Rfe1 Nxb3 15. axb3 h6 16. Nde2 Nd7 17.
f4 Qc7 18. Ng3 Nf6 19. Kh2 Be6 20. Bd4 Nh7 21. Nh5 f6 22. Ne2 Bf7 23. Nhg3 h5 24. Ng1 Rad8 25. Nf3 c5 26. Bf2 d5 27. e5 d4 28. Ne4 Qc6 29. Bh4 Bd5 30. Qd3 Rd7 31.
b4 b6 32. bxc5 bxc5 33. c4 Bxe4 34. Rxe4 Rb7 35. Rde1 Rxb2 36. exf6 Rxe4 37. Rxe4 Nxf6 38. Re5 a5 39. Rf5 Qe4 40. Qxe4 Nxe4 41. Re5 Nc3 42.
Re8 Kf7 43. Ra8 a4 44. Ne5+ Ke6 45. Rxf8 a3 46. Re8+ Kd6 47. Be7+ Kc7 48. Bxc5 a2 49. Ra8 Rb1 50. Ra7+ Kc8 51. Nc6 Re1 52. Bd6 Nd5 53.
Rxa2 Nc7 54. Nxd4 Ne8 55. Be5 Rd1 56. Nf3 Kd7 57. Rd2+ Rxd2 58. Nxd2 Ke6 59. Nf3 g6 60. Nd4+ Kd7 61. Kg3 Ke7 62. Kf3 Kf7 63. Ke4 Ke7 64.
Kd5 Kd7 65. c5 Ke7 66. c6 Kd8 67. Ke6 Kc8 68. Kf7 Nc7 69. Bxc7 Kxc7 70. Kxg6 Kd6 71. f5 h4 72. f6 Kc7 73. f7 Kb6 74.
f8=Q Kc7 75. Qe7+ Kb6 76. Qb7+ Ka5 77. Qb5# 1-0

[Event "*** Titled Tuesday 3|2 Blitz"]
[Site "Chess.com"]
[Date "2017.03.07"]
[Round "11"]
[White "Izoria123"]
[Black "GMHess"]
[Result "1-0"]
[WhiteElo "2583"]
[BlackElo "2587"]
[TimeControl "180+2"]
[EndTime "15:40:14 PST"]
[Termination "Izoria123 won by resignation"]

1. e4 e5 2. Nf3 Nc6 3. Bc4 Bc5 4.
c3 Nf6 5. d3 a6 6. O-O Ba7 7.
a4 d6 8. Re1 O-O 9. h3 Ne7 10.
Bg5 Ng6 11. Nh4 Kh8 12. Nxg6+ fxg6 13. Be3 Nh5 14. d4 Nf4 15. Bf1 Qh4 16. Nd2 Be6 17. dxe5 dxe5 18. Nf3 Qf6 19. Bxa7 Rxa7 20. Re3 Raa8 21. a5 g5 22. Qe1 g4 23. hxg4 Bxg4 24.
Nh2 Bh5 25. f3 Rad8 26. Kh1 Qd6 27. b4 Rd7 28. g3 Ne6 29. Rd3 Qxd3 30. Bxd3 Rxd3 31.
Rd1 Rfxf3 32. Rxd3 Rxd3 33. Qf2 Kg8 34. Qf5 Rd1+ 35. Kg2 Rd2+ 36. Kg1 Bf7 37. Qxe5 h6 38. Nf3 Rc2 39. Nd4 Nxd4 40. cxd4 Rc4 41. d5 Kh7 42. Qe7 Kg6 43. Kf2 h5 44. Ke3 Rc3+ 45. Kd4 Rc1 46.
Qe5 Kh7 47. Qe7 Bg6 48. e5 Rd1+ 49. Kc4 Rc1+ 50. Kb3 Rb1+ 51. Kc3 Rc1+ 52. Kb2 Rd1 53. d6 cxd6 54. exd6 Bf5 55. b5 axb5 56. Qxb7 Rxd6 57.
a6 Rd2+ 58. Kc3 Rd3+ 59. Kb2 Rd2+ 60. Kc1 Rd4 61. a7 Be4 62. Qxb5 g6 63. Qe5 Ra4 64.
Qe7+ Kh6 65. Qf8+ Kh7 66. Qe7+ Kh6 67. Qd7 Rb4 68. Qd2+ 1-0

[Event "*** Titled Tuesday 3|2 Blitz"]
[Site "Chess.com"]
[Date "2017.03.07"]
[Round "11"]
[White "Incognito_Knight"]
[Black "TenisMaster"]
[Result "0-1"]
[WhiteElo "2420"]
[BlackElo "2612"]
[TimeControl "180+2"]
[EndTime "15:40:35 PST"]
[Termination "TenisMaster won on time"]

1. e4 g6 2. d4 Bg7 3. Nc3 d6 4. f4 a6 5. Nf3 b5 6. Bd3 Bb7 7. O-O Nd7 8. e5 Nb6 9. Be4 Bxe4 10. Nxe4 Nh6 11. Qe1 O-O 12. c3 f6 13. Qh4 Qd7 14.
Bd2 Qg4 15. Qxg4 Nxg4 16. h3 Nh6 17. Rae1 Nd5 18. b3 Rab8 19. e6 c6 20. Nf2 f5 21.
Nd3 Rb7 22. Re2 Rc8 23. Rc1 Rf8 24. Be1 Nc7 25. Bf2 Rf6 26. Rce1 Nd5 27. c4 bxc4 28.
bxc4 Nc3 29. Rc2 Ne4 30. d5 Rf8 31. dxc6 Rc7 32. Nb4 Nxf2 33. Kxf2 Re8 34. Nxa6 Rxc6 35.
Nb4 Rc5 36. Nd5 Kf8 37. Ng5 Bd4+ 38. Ke2 Ng8 39. Kd3 Bf6 40. Nxh7+ Kg7 41. Ng5 Ra8 42. Rb1 Ra7 43. Rb8 Ra3+ 44. Ke2 Ra7 45. Nb6 Bxg5 46. fxg5 Re5+ 47. Kd3 Rxe6 48. a4 f4 49. Ra2 Re3+ 50.
Kd2 e5 51. a5 Ne7 52. a6 Nc6 53. Rb7+ Kf8 54. Nc8 Ra8 55. Nxd6 Rg3 56. Ke1 Rd3 57.
c5 Rc3 58. Rb5 Nd4 59. Rb6 Rxc5 60. a7 Nc6 61. Nb5 e4 62. Rb7 e3 63. Nc7 Rc1+ 64. Ke2 Nd4+ 65. Kd3 Rd1+ 66. Kc4 Rxa7 67. Raxa7 e2 68.
Ne6+ Nxe6 69. Rb8+ Nd8 70. Rxd8+ Rxd8 71. Ra1 Rd1 0-1

[Event "*** Titled Tuesday 3|2 Blitz"]
[Site "Chess.com"]
[Date "2017.03.07"]
[Round "11"]
[White "SavelijTartakover"]
[Black "Noukii"]
[Result "0-1"]
[WhiteElo "2588"]
[BlackElo "2665"]
[TimeControl "180+2"]
[EndTime "15:40:42 PST"]
[Termination "Noukii won by resignation"]

1. d4 d5 2. c4 c6 3. Nf3 Nf6 4.
Nbd2 g6 5. g3 Bg7 6. Bg2 O-O 7.
O-O a5 8. b3 a4 9. Bb2 Bf5 10.
Nh4 Be6 11. Qc2 axb3 12. axb3 Na6 13. Bc3 Qb6 14. Qb2 h6 15. Ba5 Qa7 16. c5 Nd7 17. b4 Qb8 18. Rfc1 Nc7 19. Bxc7 Qxc7 20. Nhf3 Bf5 21.
Nb3 e5 22. dxe5 Nxe5 23. Nxe5 Qxe5 24. Qxe5 Bxe5 25. Rxa8 Rxa8 26. Na5 Bb2 27. Rd1 Ba3 28. Nxb7 Bxb4 29. e4 dxe4 30. Rd8+ Rxd8 31. Nxd8 Bxc5 32.
Nxc6 e3 33. fxe3 Bxe3+ 34. Kh1 Kg7 35. Ne7 Bd7 36. Nd5 Bd4 37. Bf3 f5 38. h4 g5 39.
hxg5 hxg5 40. Kh2 Kf7 41. Nb4 Bb5 42. g4 f4 43. Kg2 Ke6 44. Nc6 Bb6 45. Nb4 Ke5 46.
Nc6+ Kd6 47. Nb4 Bc5 48. Nd5 Ke5 49. Nc3 Bd3 50. Nd5 Kd4 51. Nf6 Ke3 52. Nd5+ Kd2 53.
Nf6 Ke1 54. Ne4 Bf1+ 55. Kh2 Be7 56. Kh1 Bd3 57. Kg2 Bf1+ 58. Kh1 Bd3 59. Kg2 Bc2 60. Kg1 Bd8 61. Kg2 Bd3 62. Kg1 Bb6+ 63. Kg2 Bd8 64. Kg1 Be2 65. Kg2 Bc4 66. Kg1 Be7 67. Kg2 Be2 68. Nc3 Bf1+ 69. Kg1 Bc5+ 70. Kh2 Kf2 71. Ne4+ Kxf3 72. Nxc5 Kxg4 73. Ne4 Kf5 74.
Nd6+ Ke5 75. Nf7+ Kf6 76. Nd6 Bd3 77. Kg2 g4 78. Nb7 Ke5 79. Nc5 Kd4 80. Ne6+ Ke3 0-1

[Event "*** Titled Tuesday 3|2 Blitz"]
[Site "Chess.com"]
[Date "2017.03.07"]
[Round "11"]
[White "jcibarra"]
[Black "wnstop"]
[Result "1-0"]
[WhiteElo "2654"]
[BlackElo "2468"]
[TimeControl "180+2"]
[EndTime "15:41:13 PST"]
[Termination "jcibarra won by resignation"]

1. e4 c5 2. Nf3 Nc6 3. d4 cxd4 4.
Nxd4 e5 5. Nb5 d6 6. N1c3 a6 7.
Na3 Be7 8. Nc4 b5 9. Ne3 Nf6 10. Ned5 O-O 11. Be3 Nxd5 12. Nxd5 Rb8 13. Qd2 Be6 14. Be2 Bxd5 15. Qxd5 Nd4 16. Bxd4 exd4 17. O-O Qb6 18. Bd3 Bf6 19. a4 Qc5 20. axb5 Qxd5 21. exd5 axb5 22. b4 Rfe8 23. Ra5 g6 24. Rfa1 Bg5 25.
Rd1 Rb6 26. g3 Reb8 27. f4 Bf6 28. Rda1 Kg7 29. Ra7 g5 30. Kf2 R8b7 31. Rxb7 Rxb7 32. Ra6 gxf4 33. Rxd6 fxg3+ 34. hxg3 Be7 35. Rc6 Bxb4 36. Kf3 Rd7 37. Ke4 Bd6 38. g4 b4 39. Kxd4 Rd8 40. Bf5 h6 41. Ra6 Kf6 42. Ra7 h5 43. Ke4 h4 44.
g5+ Kxg5 45. Rxf7 Bg3 46. Be6 Kg6 47. Rb7 Bd6 48. Bf5+ Kf6 49. Rh7 Bg3 50. Be6 Kg6 51. Bf5+ Kf6 52. Rh6+ Kg7 53. Rg6+ Kf7 54. Rb6 Bd6 55. Rb7+ Kf6 56. Bh3 Re8+ 57. Be6 Rd8 58. Kf3 Ke5 59. Rh7 Rf8+ 60. Ke3 Bc5+ 61. Kd3 Rf4 62. Rh5+ Kf6 63. Ke2 Rc4 64. Rh6+ Ke5 65. d6 Re4+ 66. Kf3 Rf4+ 67. Kg2 Bxd6 68. Bb3 Rd4 69.
Kh3 Be7 70. Re6+ Kf5 71. Rxe7 Kf4 72. Kxh4 Kf5+ 73. Kg3 Kf6 74. Re6+ Kf5 75. Rc6 Ke5 76. Rc5+ Kd6 77. Rc4 Rd2 78. Rxb4 Kc5 79. Rc4+ Kb5 80. Kf3 Rd8 81. Ke3 Rd1 82. Rd4 Re1+ 83. Kd3 Re8 1-0

[Event "*** Titled Tuesday 3|2 Blitz"]
[Site "Chess.com"]
[Date "2017.03.07"]
[Round "11"]
[White "Vegan4future"]
[Black "VeraNebolsina"]
[Result "1/2-1/2"]
[WhiteElo "2243"]
[BlackElo "1986"]
[TimeControl "180+2"]
[EndTime "15:44:32 PST"]
[Termination "Game drawn - insufficient material"]

1. Nc3 d5 2. e4 d4 3. Nce2 c5 4. Ng3 Nc6 5. Bb5 Bd7 6. Nf3 g6 7.
O-O Bg7 8. d3 Nf6 9. Bf4 a6 10.
Bxc6 Bxc6 11. a4 Nd7 12. Qc1 h6 13. b3 Nf8 14. Ne5 Ne6 15. Nxc6 bxc6 16. Bd2 h5 17. h3 h4 18. Ne2 Qc7 19. f4 f5 20. e5 Qd7 21. Be1 Nc7 22. Bf2 Nd5 23. Qe1 Nb4 24. Rc1 Na2 25. Rb1 Nb4 26. Rc1 Na2 27. Rd1 Nb4 28. Rd2 Nd5 29. Bxh4 Ne3 30. Rf3 Qd5 31. Bf2 Bh6 32. Bxe3 dxe3 33. Rxe3 g5 34. c4 Qd7 35.
Qf2 gxf4 36. Nxf4 Qd4 37. Rf3 Qxe5 38. Re2 Qa1+ 39. Kh2 O-O-O 40. Qxc5 Qf6 41. Ne6 Rd6 42. Rxf5 Qg6 43. Nf4 Bxf4+ 44. Rxf4 Rxd3 45. Rf3 Rxf3 46. gxf3 Qf6 47. Qe3 Qd6+ 48. f4 Qd7 49. Qe6 Qxe6 50. Rxe6 Kd7 51. Re3 Kd6 52. Kg3 Rg8+ 53. Kh4 Rh8+ 54.
Kg4 Rg8+ 55. Kf5 Rf8+ 56. Ke4 Rh8 57. b4 Rh4 58. c5+ Ke6 59. Rg3 Kf6 60. Rc3 e5 61. Rf3 Ke6 62. Ke3 exf4+ 63. Rxf4 Rxh3+ 64. Kd4 Ra3 65. a5 Ra1 66. Rh4 Rd1+ 67. Kc4 Rc1+ 68. Kd3 Rb1 69. Kc2 Rg1 70. Rh6+ Kd7 71. Rh7+ Kc8 72.
Ra7 Rg4 73. Kb3 Rg3+ 74. Ka4 Kb8 75. Rxa6 Kb7 76. Rb6+ Kc7 77. a6 Rg1 78. Kb3 Ra1 79. Kb2 Ra4 80. Kc3 Ra1 81. Kd4 Rd1+ 82. Ke5 Re1+ 83.
Kf5 Rf1+ 84. Ke4 Re1+ 85. Kd3 Rd1+ 86. Kc3 Ra1 87. Rb7+ Kc8 88. Ra7 Kb8 89. Rb7+ Kc8 90. Rb6 Kc7 91. Kb2 Ra4 92. Kb3 Ra1 93. b5 cxb5 94.
Rh6 Ra4 95. Rh7+ Kb8 96. Rb7+ Kc8 97. Rb6 Kc7 98. Rb7+ Kc6 99. Rh7 Kxc5 100. a7 Kb6 101. Rh6+ Kxa7 102. Rh7+ Kb6 103. Rh6+ Ka5 104. Kb2 Rb4+ 105. Ka3 Rg4 106. Kb3 Rg3+ 107. Kb2 Ka4 108. Rh1 Rg2+ 109. Ka1 b4 110. Kb1 Ka3 111. Ka1 b3 112. Kb1 Rb2+ 113. Ka1 Ra2+ 114. Kb1 Rg2 115. Ka1 Kb4 116. Kb1 Kc3 117. Rh3+ Kb4 118. Rh1 Ka3 119. Ka1 Ra2+ 120. Kb1 Rb2+ 121. Ka1 Ra2+ 122. Kb1 Rc2 123. Ka1 Rc3 124. Kb1 Rg3 125. Ka1 Kb4 126. Kb1 Kc3 127. Rc1+ Kd2 128. Rh1 Kc3 129. Rc1+ Kb4 130. Rh1 Ka3 131. Ka1 b2+ 132. Kb1 Rc3 133. Rf1 Rc1+ 134. Rxc1 bxc1=Q+ 135. Kxc1 1/2-1/2